 Dungeon Crawl Stone Soup version 0.30.1-11-g7821555f0a (webtiles) character file.

Game seed: 5720544892525049602

271346 viagra the Hoplite (level 19, -3/270 HPs)
             Began as a Minotaur Berserker on Dec 9, 2023.
             Was an Elder of Trog.
             Slain by Mennas
             ... wielding a +1 trishula of holy wrath
              (10 damage)
             ... on level 2 of the Vaults.
             The game lasted 02:02:28 (44954 turns).

viagra the Hoplite (Minotaur Berserker)            Turns: 44954, Time: 02:02:29

Health: -3/270     AC: 25    Str: 32    XL:     19   Next: 45%
Magic:  0/18       EV: 13    Int:  2    God:    Trog [****..]
Gold:   2555       SH: 25    Dex: 10    Spells: 18/18 levels left

rFire   + . .        a - +7 broad axe (vamp)
rCold   + + +        r - +4 tower shield
rNeg    . . .        O - +0 plate armour {rF+}
rPois   .            (helmet restricted)
rElec   .            (no cloak)
rCorr   +            f - +0 pair of gloves {Stlth+}
SInv    +            x - +2 pair of boots
Will    +++..        W - amulet of guardian spirit Stlth
                     Z - ring "Plog" {Ice Slay+2}
HPRegen 1.65/turn    B - ring "Oblal" {Fly rF+ rC++ rCorr Str+2}
MPRegen 0.16/turn

%: guardian spirit
@: mighty, berserking, strong-willed, flying, regenerating, glowing, silenced,
very quick
A: horns 2, retaliatory headbutt, see invisible, cold resistance 1, dopey 1,
passive freeze
}: 2/15 runes: barnacled, gossamer
a: Renounce Religion


You were on level 2 of the Vaults.
You worshipped Trog.
Trog was greatly pleased with you.
You visited 7 branches of the dungeon, and saw 33 of its levels.
You visited 1 bazaar.
You also visited: Ice Cave.

You collected 4293 gold pieces.
You spent 1738 gold pieces at shops.

Inventory:

Hand Weapons
 a - a +7 vampiric broad axe (weapon)
 p - a +0 demon trident of freezing
 q - a +2 arbalest of flaming
 I - the +6 battleaxe "Petz" {spect, Dex+4 Stlth+}
   (You found it on level 2 of the Spider Nest)

   Dex:       It affects your dexterity (+4).
   Stlth:     It makes you more stealthy.
 L - the +11 lajatang "Xuros" {heavy, rF+ rC+ Str+3}
   (Trog gifted it to you on level 2 of the Lair of Beasts)

   Str:       It affects your strength (+3).
   rF:        It protects you from fire.
   rC:        It protects you from cold.
Missiles
 g - 9 silver javelins
 F - 19 boomerangs (quivered)
Armour
 f - a +0 pair of gloves of stealth (worn)
 r - a +4 tower shield (worn)
 v - a scarf of shadows
 x - a +2 pair of boots (worn)
 O - a +0 plate armour of fire resistance (worn)
Jewellery
 l - a ring of fire
 n - a ring of willpower
 w - the ring "Iskip" {rN+++ rCorr Str-4 Int+5 Dex-4}
   (You bought it in a shop on level 1 of the Vaults)

   [ring of resist corrosion]

   Str:       It affects your strength (-4).
   Int:       It affects your intelligence (+5).
   Dex:       It affects your dexterity (-4).
   rN:        It renders you almost immune to negative energy.
   rCorr:     It protects you from acid and corrosion.
 B - the ring "Oblal" (right hand) {Fly rF+ rC++ rCorr Str+2}
   (You found it on level 7 of the Dungeon)

   [ring of protection from fire]

   Str:       It affects your strength (+2).
   rF:        It protects you from fire.
   rC:        It greatly protects you from cold.
   Fly:       It grants you flight.
   rCorr:     It protects you from acid and corrosion.
 P - a ring of positive energy
 S - the ring "Ficeasm" {Fly rPois rF- rCorr Int+6}
   (You found it on level 4 of the Shoals)

   [ring of flight]

   Int:       It affects your intelligence (+6).
   rF:        It makes you vulnerable to fire.
   rPois:     It protects you from poison.
   Fly:       It grants you flight.
   rCorr:     It protects you from acid and corrosion.
 U - a +6 ring of strength
 W - an amulet of guardian spirit (around neck)
 Z - the ring "Plog" (left hand) {Ice Slay+2}
   (You found it on level 13 of the Dungeon)

   [ring of ice]

   It enhances your ice magic.
   Slay:      It affects your accuracy & damage with ranged weapons and melee
   (+2).
   rF:        It makes you vulnerable to fire.
   rC:        It protects you from cold.
Wands
 u - a wand of mindburst (15)
 A - a wand of flame (65)
 D - a wand of roots (14)
 K - a wand of polymorph (2)
 M - a wand of digging (3)
 R - a wand of paralysis (29)
Scrolls
 b - 17 scrolls of teleportation
 j - 3 scrolls of silence
 t - 4 scrolls of blinking
 y - a scroll of fog
 E - 18 scrolls of identify
 T - 3 scrolls of fear
 V - 3 scrolls of magic mapping
 X - a scroll of brand weapon
Potions
 c - 4 potions of resistance
 d - 2 potions of cancellation
 e - 7 potions of might
 h - 14 potions of ambrosia
 i - 4 potions of invisibility
 k - 5 potions of magic
 m - 5 potions of haste
 s - 16 potions of curing
 z - 3 potions of flight
Miscellaneous
 o - a phantom mirror
 G - a lightning rod (4/4)
 J - a phial of floods
 Y - a box of beasts


   Skills:
 - Level 18.4 Fighting
 - Level 19.4 Axes
 - Level 15.2 Ranged Weapons
 + Level 20.7 Armour
 - Level 15.0 Dodging
 * Level 21.4 Shields


You had 18 spell levels left.
You didn't know any spells.
Your spell library was empty.

Dungeon Overview and Level Annotations

Branches:
Dungeon (15/15)            Temple (0/1) D:6            Lair (5/5) D:9
 Shoals (4/4) Lair:3       Spider (4/4) Lair:2        Slime (1/5) Lair:4
    Orc (2/2) D:10            Elf (0/3) Orc:2        Vaults (2/5) D:14
 Depths (0/4) D:15          IceCv (visited)
  Crypt: Vaults:2-3

Altars:
Cheibriados
Dithmenos
Fedhas
Hepliaklqana
Kikubaaqudgha
Nemelex Xobeh
Ru
Trog
Wu Jian
Xom
Jiyva

Shops:
D:9 =   D:13 :   Orc:2 (=(:(   Shoals:3 =*   Vaults:1 =

Portals:
Trove: D:13 (give horn of Geryon)

Annotations:
D:3 1 runed translucent door, Crazy Yiuf
D:4 2 transporters, jagang's ghost, amateur BaMo
D:7 3 runed translucent doors, booth's ghost, novice HOMo
D:12 2 transporters, fireball365's ghost, journeyman HOFi
Lair:2 2 transporters, GreenGuy14's ghost, journeyman MiFi
Shoals:3 1 runed translucent door, Ymuelir's ghost, adept DESu
Shoals:4 Roxanne
Vaults:2 Mennas


Innate Abilities, Weirdness & Mutations

You have a pair of horns on your head.
You reflexively headbutt those who attack you in melee.
You have supernaturally acute eyesight. (SInv)
Your flesh is cold resistant. (rC+)
You are dopey. (Int -2)
A frigid envelope surrounds you and freezes all who hurt you.


Message History

Mennas gestures frantically.
You resist with almost no effort.
Mennas gestures frantically.
Mennas's surroundings become eerily quiet.
Okay, then.
You feel very mighty all of a sudden. You block Mennas's attack. x2
Mennas blocks your attack. You block Mennas's attack.
Mennas completely misses you.
Mennas hits you with a +1 trishula of holy wrath!!!
Mennas is very cold.
Mennas is lightly wounded.
You block Mennas's attack.
You slash Mennas!
Mennas is lightly wounded.
You block Mennas's attack. Mennas barely misses you. Mennas blocks your attack.
You headbutt Mennas, but do no damage.
Mennas is lightly wounded.
You block Mennas's attack. x2
You hit Mennas. Your headbutt misses Mennas.
Mennas is lightly wounded.
You block Mennas's attack.
Mennas hits you with a +1 trishula of holy wrath!!
* * * LOW HITPOINT WARNING * * *
Mennas is very cold.
Mennas is lightly wounded.
A red film seems to cover your vision as you go berserk!
You feel yourself moving faster!
You feel mighty!
Mennas hits you with a +1 trishula of holy wrath!!
* * * LOW HITPOINT WARNING * * *
Mennas is very cold.
Mennas is lightly wounded.
Mennas hits you but does no damage.
Mennas is very cold.
Mennas is lightly wounded.
Mennas hits you with a +1 trishula of holy wrath!!
* * * LOW HITPOINT WARNING * * *
Mennas is very cold.
Mennas is moderately wounded.
Mennas hits you with a +1 trishula of holy wrath!
You die...

######..# #..#
####### #..# .......
#..# ....... #..#
....... #..# .......
#..#
......A########..#
.......@.........#
.................####
##########..........#
#..†.......#
#..[)[.....#
#).........#
#..........#
#..........#
#..........#


You could see Mennas (strong, silencing).

Vanquished Creatures
  Mlioglotl (Shoals:1)
  Agnes (Spider:2)
  A sphinx (Vaults:1)
  Ilsuiw (Shoals:2)
  2 vault wardens (Vaults:1)
  6 emperor scorpions
  A frost giant (IceCv)
  4 ghost moths
  A broodmother (Spider:4)
  7 ironbound preservers
  2 orc warlords (Orc:2)
  2 ironbound thunderhulks
  A dire elephant (D:15)
  Azrael (D:12)
  Snorg (D:12)
  4 merfolk javelineers
  3 yaktaur captains (Vaults:1)
  Josephine (Lair:4)
  An entropy weaver (Spider:2)
  9 merfolk impalers
  Harold (D:9)
  A deep elf high priest (Vaults:2)
  An ogre mage (D:15)
  3 jorogumos
  3 ironbound frosthearts
  3 radroaches
  3 vault guards
  Erolcha (Orc:2)
  11 centaur warriors
  3 hydras
  3 merfolk avatars
  A catoblepas (Lair:2)
  2 boulder beetles (Spider:2)
  4 satyrs (Shoals:4)
  4 merfolk aquamancers
  11 two-headed ogres
  5 death scarabs (Spider:4)
  12 death yaks
  An orc high priest (Orc:2)
  2 sun moths
  5 skysharks
  Lodul (D:11)
  19 deep trolls
  11 pharaoh ants
  A sixfirhy (D:11)
  A glowing orange brain (Vaults:2)
  4 bog bodies (Shoals:2)
  33 harpies
  4 steelbarb worms
  9 sea snakes
  7 orb spiders
  2 spectral wolf spiders (Spider:4)
  2 lindwurms
  2 wolf spider zombies (Spider:4)
  3 wizards
  A phantasmal warrior (Vaults:1)
  Pikel (D:4)
  5 orc knights
  4 ironbound convokers
  A deep elf pyromancer (D:12)
  2 broodmother zombies (Spider:4)
  15 ugly things
  4 orc sorcerers (Orc:2)
  22 wolf spiders
  3 oklob plants (Lair:3)
  24 manticores
  9 cyclopes
  14 fauns
  6 moths of wrath
  Joseph (Lair:1)
  3 vault sentinels
  14 elephants
  8 water nymphs
  8 merfolk sirens
  6 demonic crawlers
  4 molten gargoyles (D:14)
  5 torpor snails
  2 black mambas
  2 ice statues
  3 gargoyles
  An efreet (D:13)
  9 cane toads
  3 unseen horrors
  Psyche (D:12)
  Maggie (D:7)
  10 rime drakes
  A freezing wraith (D:15)
  7 yaktaurs (Vaults:1)
  3 spectral redbacks (Spider:4)
  10 komodo dragons
  10 polar bears
  6 trolls
  A meliai (Spider:2)
  31 merfolk
  A queen bee (Orc:1)
  27 tarantellas
  9 hornets
  6 wind drakes
  8 saltlings (Orc:2)
  24 blink frogs
  6 spectral tarantellas (Spider:4)
  Prince Ribbit (D:6)
  2 tarantella zombies (Spider:4)
  10 snapping turtles
  28 dream sheep
  23 jumping spiders
  10 spriggans (Lair:5)
  4 shadows
  14 culicivoras
  Sigmund (D:6)
  8 humans (D:14)
  4 wyverns
  17 slime creatures
  3 wraiths
  62 yaks
  A vampire (D:11)
  7 water elementals
  A fire elemental (D:12)
  4 basilisks
  2 steam dragons (D:8)
  A golden eye (shapeshifter) (D:14)
  31 redbacks
  Menkaure (D:6)
  3 wargs (Orc:2)
  4 acid dragons
  3 hell hounds (D:12)
  20 water moccasins
  3 black bears
  2 ice beasts
  18 orc warriors
  33 wolves
  5 boggarts (Lair:5)
  5 sky beasts
  17 centaurs
  14 ogres
  3 lemures (D:4)
  5 bullfrogs
  2 kobold brigands (D:9)
  2 gnoll sergeants
  5 scorpions
  6 wights
  24 killer bees (Orc:1)
  2 electric eels
  6 howler monkeys
  A lava snake (D:14)
  7 jellies
  3 gnoll boudas
  3 hounds (D:4)
  10 orc priests
  6 iguanas
  3 sleepcaps (D:6)
  19 orc wizards
  23 gnolls
  13 adders
  2 white imps (D:7)
  An ufetubus (D:4)
  A worm (D:1)
  3 dart slugs
  62 orcs
  14 endoplasms
  A giant cockroach (D:1)
  6 goblins
  5 hobgoblins
  2 jackals (D:2)
  6 quokkas
  8 ball pythons
  5 bats
  4 frilled lizards
  28 kobolds
  5 rats
1229 creatures vanquished.

Vanquished Creatures (collateral kills)
  2 vault guards
  A great orb of eyes (Vaults:1)
  A yaktaur captain (Vaults:1)
  A jorogumo (Spider:4)
  A two-headed ogre (D:15)
  Urug (D:13)
  3 deep trolls (Vaults:1)
  2 orb spiders (Spider:2)
  An ironbound convoker (Vaults:1)
  An orc knight (Orc:2)
  A wolf spider (Spider:4)
  An ugly thing (D:14)
  4 elephants
  A vault sentinel (Vaults:1)
  A yaktaur (Vaults:1)
  A merfolk (Shoals:3)
  A snapping turtle (Shoals:2)
  A tarantella zombie (Spider:4)
  2 spriggans (Lair:5)
  3 yaks
  A human (D:14)
  3 wraiths (Lair:4)
  2 redbacks
  A warg (D:10)
  2 orc warriors
  An ogre (D:15)
  A wolf (IceCv)
  A centaur (D:12)
  2 orc priests (D:10)
  2 orcs (D:7)
46 creatures vanquished.

Vanquished Creatures (others)
  A centaur (D:14)
  5 tentacles (Shoals:3)
6 creatures vanquished.

Grand Total: 1281 creatures vanquished

Notes
Turn   | Place    | Note
-------+----------+-------------------------------------------
     0 | D:1      | viagra the Minotaur Berserker began the quest for the Orb.
     0 | D:1      | Reached XP level 1. HP: 19/19 MP: 0/0
    61 | D:1      | Found a faded altar of an unknown god.
   219 | D:1      | Reached XP level 2. HP: 26/27 MP: 1/1
   735 | D:2      | Found a shadowy altar of Dithmenos.
   846 | D:2      | Reached XP level 3. HP: 33/33 MP: 2/2
   879 | D:2      | Reached ** piety under Trog
  1024 | D:2      | Reached skill level 5 in Axes
  1116 | D:2      | Reached XP level 4. HP: 20/40 MP: 3/3
  1424 | D:2      | Reached XP level 5. HP: 34/46 MP: 4/4
  2045 | D:2      | Identified the +0 robe "Kugo" {rF+ rC+ Will+}
  2259 | D:3      | Found a blossoming altar of Fedhas.
  2263 | D:3      | Found an ancient bone altar of Kikubaaqudgha.
  2344 | D:3      | Reached *** piety under Trog
  2568 | D:3      | Found a runed translucent door.
  2569 | D:3      | Noticed Crazy Yiuf
  2938 | D:4      | Reached XP level 6. HP: 47/52 MP: 5/5
  3349 | D:4      | Found a transporter.
  3353 | D:4      | Noticed jagang's ghost (amateur BaMo)
  3375 | D:4      | Found a transporter.
  3509 | D:4      | Reached skill level 5 in Fighting
  3509 | D:4      | Reached XP level 7. HP: 58/61 MP: 6/6
  3943 | D:5      | Entered Level 5 of the Dungeon
  3943 | D:5      | Noticed Pikel
  3961 | D:4      | Killed Pikel
  3962 | D:4      | Reached XP level 8. HP: 17/70 MP: 7/7
  4506 | D:5      | Reached skill level 10 in Axes
  5587 | D:6      | Found a staircase to the Ecumenical Temple.
  5753 | D:6      | Noticed Prince Ribbit
  5776 | D:6      | Noticed Sigmund
  5783 | D:6      | Killed Sigmund
  6241 | D:6      | Killed Prince Ribbit
  6242 | D:6      | Reached XP level 9. HP: 36/81 MP: 8/8
  6410 | D:6      | Noticed Menkaure
  6414 | D:6      | Killed Menkaure
  6900 | D:6      | Found an ornate altar of the Wu Jian Council.
  7501 | D:7      | Reached **** piety under Trog
  7529 | D:7      | Paralysed by a hornet for 1 turns
  7724 | D:7      | Noticed a komodo dragon
  7732 | D:7      | Killed a komodo dragon
  7874 | D:7      | Paralysed by a hornet for 1 turns
  8415 | D:7      | Reached XP level 10. HP: 89/93 MP: 9/9
  8418 | D:7      | Noticed Maggie
  8422 | D:7      | Killed Maggie
  8423 | D:7      | Reached skill level 10 in Fighting
  8835 | D:7      | Identified the ring "Oblal" {Fly rF+ rC++ rCorr Str+2}
  8902 | D:7      | Noticed booth's ghost (novice HOMo)
  8903 | D:7      | Found a runed translucent gate.
  8903 | D:7      | Found a runed translucent gate.
  8904 | D:7      | Found a runed translucent gate.
  9814 | D:8      | Reached skill level 15 in Axes
 10022 | D:8      | Paralysed by a hornet for 2 turns
 10464 | D:8      | Found a bloodstained altar of Trog.
 11253 | D:9      | Found a staircase to the Lair.
 11309 | D:9      | Noticed Harold
 11318 | D:9      | Killed Harold
 11452 | D:9      | Noticed a cyclops
 11456 | D:9      | Killed a cyclops
 11457 | D:9      | Reached XP level 11. HP: 104/104 MP: 10/10
 11469 | D:9      | Found a hazy altar of Hepliaklqana.
 11470 | D:9      | Found a sacrificial altar of Ru.
 11470 | D:9      | Found a sparkling altar of Nemelex Xobeh.
 11589 | D:9      | Reached ***** piety under Trog
 11721 | D:9      | Found Xerch's Jewellery Emporium.
 11924 | Lair:1   | Entered Level 1 of the Lair of Beasts
 12448 | Lair:1   | Noticed Joseph
 12464 | Lair:1   | Killed Joseph
 13192 | Lair:1   | You are sucked into a shaft and drop 1 floor!
 13947 | Lair:1   | Identified a scroll of acquirement
 13947 | Lair:1   | Acquired a manual of Armour
 13950 | Lair:2   | Noticed a skyshark
 13961 | Lair:1   | Killed a skyshark
 13962 | Lair:1   | Reached skill level 5 in Armour
 14593 | Lair:2   | Reached XP level 12. HP: 68/115 MP: 11/11
 14746 | Lair:2   | Found a hole to the Spider Nest.
 14753 | Lair:2   | Identified the +11 lajatang "Xuros" {heavy, rF+ rC+ Str+3}
                  | (Trog gifted it to you on level 2 of the Lair of Beasts)
 14753 | Lair:2   | Received a gift from Trog
 14770 | Lair:2   | Noticed a catoblepas
 14779 | Lair:2   | Killed a catoblepas
 14849 | Lair:2   | Found a snail-covered altar of Cheibriados.
 15445 | Lair:2   | Found a transporter.
 15449 | Lair:2   | Found a transporter.
 15468 | Lair:2   | Reached skill level 10 in Armour
 15519 | Lair:2   | Noticed GreenGuy14's ghost (journeyman MiFi)
 16126 | Lair:3   | Identified the ring of Makhleb's Scorn {Ice Contam Str+4
                  | Dex+4 Stlth+}
 16778 | Lair:3   | Reached skill level 15 in Armour
 16984 | Lair:3   | Found a staircase to the Shoals.
 17098 | Lair:3   | Reached XP level 13. HP: 122/122 MP: 12/12
 17720 | Lair:3   | Gained mutation: Your spells are a little harder to cast,
                  | but a little more powerful. [potion of mutation]
 17720 | Lair:3   | Gained mutation: You do not regenerate when monsters are
                  | visible. [potion of mutation]
 17720 | Lair:3   | Gained mutation: You have a pair of large horns on your
                  | head. [potion of mutation]
 17722 | Lair:3   | Lost mutation: You do not regenerate when monsters are
                  | visible. [potion of mutation]
 17722 | Lair:3   | Lost mutation: You have a pair of large horns on your head.
                  | [potion of mutation]
 17722 | Lair:3   | Gained mutation: You have supernaturally acute eyesight.
                  | (SInv) [potion of mutation]
 17722 | Lair:3   | Gained mutation: Your flesh is cold resistant. (rC+)
                  | [potion of mutation]
 17722 | Lair:3   | Gained mutation: A frigid envelope surrounds you and
                  | freezes all who hurt you. [potion of mutation]
 18006 | Lair:4   | Noticed Josephine
 18013 | Lair:4   | Killed Josephine
 18443 | Lair:4   | Found a staircase to the Slime Pits.
 18444 | Lair:4   | Found a viscous altar of Jiyva.
 18756 | Slime:1  | Entered Level 1 of the Pits of Slime
 18756 | Slime:1  | Noticed a quicksilver ooze
 18781 | Lair:5   | Entered Level 5 of the Lair of Beasts
 19024 | Lair:5   | Reached skill level 5 in Dodging
 19633 | Lair:5   | Reached XP level 14. HP: 118/132 MP: 13/13
 19856 | Lair:5   | Identified the +1 rapier "Gerameifa" {heavy, rF+ Str+3}
 20651 | D:10     | Entered Level 10 of the Dungeon
 21013 | D:10     | Found a staircase to the Orcish Mines.
 21695 | D:11     | Found a runed translucent door.
 21709 | D:11     | Found a frozen archway.
 21719 | IceCv    | Entered an ice cave
 21929 | IceCv    | Reached skill level 15 in Fighting
 21938 | IceCv    | Reached skill level 10 in Dodging
 22010 | IceCv    | Noticed a frost giant
 22022 | IceCv    | Killed a frost giant
 23015 | D:11     | Noticed Lodul
 23269 | D:11     | Killed Lodul
 23820 | D:12     | Noticed Snorg
 23829 | D:12     | Killed Snorg
 24037 | D:12     | Found a transporter.
 24039 | D:12     | Noticed fireball365's ghost (journeyman HOFi)
 24216 | D:12     | Reached XP level 15. HP: 137/143 MP: 14/14
 24259 | D:12     | Noticed Psyche
 24262 | D:12     | Killed Psyche
 24320 | D:12     | Found a transporter.
 24543 | D:12     | Noticed Azrael
 24552 | D:12     | Killed Azrael
 24560 | D:12     | Gained mutation: You are dopey. (Int -2) [mutagenic glow]
 25402 | D:13     | Identified the ring "Plog" {Ice Slay+2}
 25422 | D:13     | Found a portal to a secret trove of treasure.
 25442 | D:13     | Noticed Urug
 25454 | D:13     | Killed Urug
 25544 | D:13     | Found Bujuugev's Book Emporium.
 25548 | D:13     | Bought a manual of Ranged Weapons for 1120 gold pieces
 26033 | D:14     | Reached skill level 5 in Ranged Weapons
 26232 | D:14     | Found a gateway to a bazaar.
 26243 | Bazaar   | Entered a bazaar
 26243 | Bazaar   | Found Jirchapnu's Antique Armour Emporium.
 26253 | Bazaar   | Found Runed's Weapon Boutique.
 26276 | Bazaar   | Found Bauq's Weapon Shoppe.
 26284 | Bazaar   | Found Xutism's General Store.
 26317 | Bazaar   | Bought a +2 arbalest of flaming for 160 gold pieces
 26392 | D:14     | Lost mutation: Your spells are a little harder to cast, but
                  | a little more powerful. [mutagenic glow]
 27034 | D:14     | Reached skill level 10 in Ranged Weapons
 27064 | D:14     | Found a gate to the Vaults.
 27240 | D:15     | Entered Level 15 of the Dungeon
 27303 | D:15     | Found a staircase to the Depths.
 27652 | D:15     | Reached skill level 1 in Shields
 27669 | D:15     | Reached skill level 2 in Shields
 28795 | Orc:1    | Entered Level 1 of the Orcish Mines
 28843 | Orc:1    | Found a shimmering altar of Xom.
 28899 | Orc:1    | Reached skill level 3 in Shields
 29731 | Orc:2    | Entered Level 2 of the Orcish Mines
 29777 | Orc:2    | Noticed Erolcha
 29786 | Orc:2    | Killed Erolcha
 29816 | Orc:2    | Found Afuops's Antique Weapon Shop.
 30173 | Orc:2    | Reached skill level 4 in Shields
 30243 | Orc:2    | Found a staircase to the Elven Halls.
 30506 | Orc:2    | Reached XP level 16. HP: 151/151 MP: 15/15
 30547 | Orc:2    | Reached skill level 5 in Shields
 30555 | Orc:2    | Found Yjalyen's Jewellery Boutique.
 30565 | Orc:2    | Reached skill level 15 in Ranged Weapons
 30620 | Orc:2    | Found Imiho's Weapon Boutique.
 30650 | Orc:2    | Found Qienabb's Antique Weapon Shop.
 30806 | Orc:2    | Found Weczaenk's Book Shoppe.
 31313 | Spider:1 | Entered Level 1 of the Spider Nest
 31374 | Spider:1 | Reached skill level 6 in Shields
 31693 | Spider:1 | Reached skill level 7 in Shields
 32686 | Spider:1 | Reached skill level 8 in Shields
 33250 | Spider:2 | Reached skill level 9 in Shields
 33550 | Spider:2 | Identified the +6 battleaxe "Petz" {spect, Dex+4 Stlth+}
 33576 | Spider:2 | Received a gift from Trog
 33746 | Spider:2 | Reached skill level 10 in Shields
 34284 | Spider:2 | Identified the +7 plate armour "Ugulur" {rElec Str+4}
 34389 | Spider:2 | Noticed Agnes
 34401 | Spider:2 | Killed Agnes
 34402 | Spider:2 | Reached skill level 11 in Shields
 35116 | Spider:3 | Reached skill level 12 in Shields
 35252 | Spider:3 | Reached XP level 17. HP: 154/162 MP: 14/16
 35506 | Spider:4 | Entered Level 4 of the Spider Nest
 35828 | Spider:4 | Reached skill level 13 in Shields
 36438 | Spider:4 | Reached skill level 14 in Shields
 36847 | Spider:4 | Reached skill level 15 in Shields
 36928 | Spider:4 | Got a gossamer rune of Zot
 37141 | Shoals:1 | Entered Level 1 of the Shoals
 37185 | Shoals:1 | Noticed Mlioglotl
 37195 | Shoals:1 | Killed Mlioglotl
 38041 | Shoals:1 | Reached skill level 16 in Shields
 38247 | Shoals:2 | Noticed Ilsuiw
 38588 | Shoals:2 | Reached XP level 18. HP: 168/173 MP: 15/17
 39189 | Shoals:2 | Killed Ilsuiw
 39191 | Shoals:2 | Reached skill level 17 in Shields
 39268 | Shoals:3 | Found a runed translucent door.
 39269 | Shoals:3 | Noticed Ymuelir's ghost (adept DESu)
 39847 | Shoals:3 | Found Jeileti's General Store.
 40107 | Shoals:3 | Found Zumappuo's Jewellery Shop.
 40526 | Shoals:4 | Entered Level 4 of the Shoals
 41345 | Shoals:3 | Reached skill level 18 in Shields
 42157 | Shoals:4 | Got a barnacled rune of Zot
 42189 | Shoals:4 | Reached skill level 19 in Shields
 42298 | Shoals:4 | Identified the +1 short sword of Geseumn {elec, rC+ MP+9}
 42419 | Shoals:4 | Identified Roxanne's Anthology of Excavation
 42419 | Shoals:4 | Noticed Roxanne
 42470 | Shoals:4 | Identified the ring "Ficeasm" {Fly rPois rF- rCorr Int+6}
 43451 | Vaults:1 | Entered Level 1 of the Vaults
 43630 | Vaults:1 | Reached skill level 15 in Dodging
 43802 | Vaults:1 | Reached skill level 20 in Shields
 43898 | Vaults:1 | Paralysed by a sphinx for 5 turns
 43907 | Vaults:1 | Reached XP level 19. HP: 151/180 MP: 13/18
 44470 | Vaults:1 | Found Teli's Jewellery Shop.
 44478 | Vaults:1 | Bought the ring "Iskip" {rN+++ rCorr Str-4 Int+5 Dex-4} for
                  | 458 gold pieces
 44713 | Vaults:2 | Reached skill level 21 in Shields
 44937 | Vaults:2 | Noticed Mennas
 44954 | Vaults:2 | HP: 7/270 [Mennas/+1 trishula of holy wrath (26)]
 44954 | Vaults:2 | Slain by Mennas

Illustrated notes

Levels and vault maps discovered:
D:1:      dpeg_arrival_renting, layout_loops_cross,
          hellmonk_ecumenical_altar_heavens_door, minmay_hedge_maze
D:2:      cheibrodos_fertilizer, layout_rooms, basic_altar, minmay_heptomino_h4
D:3:      layout_basic, grunt_temple_overflow_growth_and_decay,
          uniq_crazy_yiuf_cottage
D:4:      black_bear_nest_1, layout_basic, gammafunk_ghost_stat_death
D:5:      layout_cave_pods, minmay_fountain_box, uniq_pikel
D:6:      layout_basic, lemuel_coloured_pillars_altar,
          minmay_temple_entry_statues_pillars, uniq_sigmund,
          uniq_prince_ribbit1, uniq_menkaure
D:7:      nzn_winding_woodlands_medium [nzn_winding_woodlands_5x5_default,
          nzn_winding_woodlands_5x15_concentric,
          nzn_winding_woodlands_5x5_default, nzn_winding_woodlands_hourglass,
          nzn_winding_woodlands_center_triple_pond,
          nzn_winding_woodlands_5x5_checkerboard,
          nzn_winding_woodlands_5x5_perimeter, nzn_winding_woodlands_5x15_pool,
          nzn_winding_woodlands_5x5_closed_star], layout_basic,
          gammafunk_ghost_split, enter_bailey_2, serial_bayou_crossing,
          uniq_maggie
D:8:      layout_basic, trog_butcher_becter
D:9:      layout_loops_cross, gammafunk_temple_overflow_forgotten,
          dpeg_oklobed_lair, kennysheep_windowed_goal, uniq_harold
D:10:     layout_roguey, david_orc_1_choice
D:11:     cheibrodos_shockbox, layout_irregular_city,
          portal_ice_cave_entry_pillars_1, hangedman_decor_clover_reticule,
          grunt_ministairs_14, uniq_lodul
D:12:     layout_small_grid, gammafunk_ghost_mausoleum, uniq_psyche, uniq_snorg,
          uniq_azrael
D:13:     layout_basic, enter_trove_1, serial_shops,
          nicolae_shop_back_alley_shop, kennysheep_diamond, uniq_urug
D:14:     layout_stronghold, ximxim_vaults_locker_room, serial_shops,
          statue_bzr, dreamdust_mushroom_princess, serial_column_ruins,
          column_ruins_square_large, column_ruins_open_small,
          column_ruins_grid_1, column_ruins_open_tiny, column_ruins_open_medium,
          column_ruins_columns_straight, column_ruins_corridor_corner,
          minivault_8
D:15:     hangedman_depths_entry_try_elsewhere_first, layout_basic, minivault_23
Lair:1:   layout_cave_pods, uniq_joseph
Lair:2:   layout_gridlike, spider_nest_entry_webs, gammafunk_ghost_hive,
          lemuel_centaur_altar, serial_bayou_shore_a
Lair:3:   minmay_lair_oklob_chamber, layout_regular_city,
          nicolae_shoals_entry_roost, chequers_serial_rivers_micro_e,
          beast_lair_carwin_11
Lair:4:   layout_small_grid, minmay_slime_entry_pillars, grunt_megastairs_5,
          uniq_josephine
Lair:5:   minmay_lair_end_enchanted_forest, layout_regular_city
Shoals:1: layout_shoals, uniq_mlioglotl
Shoals:2: cheibrodos_shoals_roost, layout_shoals, nicolae_shoals_secluded_bog,
          uniq_ilsuiw
Shoals:3: layout_shoals, hellmonk_ghost_happy_afterlife, serial_shops,
          nicolae_shop_crystal, shop
Shoals:4: shoals_end_simple, layout_shoals, nicolae_shoals_wave_tunnel,
          uniq_roxanne
Spider:1: layout_spider_delve
Spider:2: nicolae_spider_hilbert_zone_3 [nicolae_spider_hilbert_4_sides_2_open,
          nicolae_spider_hilbert_3_sides_1_open,
          nicolae_spider_hilbert_3_sides_1_open,
          nicolae_spider_hilbert_3_sides_1_open,
          nicolae_spider_hilbert_3_sides_1_open,
          nicolae_spider_hilbert_4_sides_1_open,
          nicolae_spider_hilbert_4_sides_1_open,
          nicolae_spider_hilbert_4_sides_1_open,
          nicolae_spider_hilbert_4_sides_1_open,
          nicolae_spider_hilbert_4_sides_1_open,
          nicolae_spider_hilbert_4_sides_1_open,
          nicolae_spider_hilbert_4_sides_1_open,
          nicolae_spider_hilbert_4_sides_1_open,
          nicolae_spider_hilbert_3_sides_1_open,
          nicolae_spider_hilbert_3_sides_1_open,
          nicolae_spider_hilbert_3_sides_1_open,
          nicolae_spider_hilbert_3_sides_1_open], uniq_agnes
Spider:3: layout_spider_delve
Spider:4: floodkiller_spider_rune_tomb
Slime:1:  layout_caves
Orc:1:    layout_caves, special_room [special_room_bee], basic_altar,
          statue_in_the_mist_lemuel
Orc:2:    hellmonk_orc_salted, layout_caves, serial_shops,
          nicolae_shop_window_shopping, basic_altar, uniq_erolcha
Vaults:1: nicolae_vaults_tetromino_T_1, vaults_room_glass_cross,
          nicolae_vaults_network_s, ontoclasm_vaults_idyll,
          nicolae_vaults_trapezoid_lopsided_2, hangedman_vaults_hat,
          hangedman_vaults_capsules, vaults_standard_mumra_lines,
          vaults_room_semicircle, nicolae_vaults_tetromino_L_1,
          ontoclasm_vaults_pinch, grunt_vaults_twisty, layout_vaults_maze,
          serial_shops, nicolae_shop_waterfront
Vaults:2: nicolae_vaults_closet_pinwheel_2, ontoclasm_vaults_ligature,
          nicolae_vaults_network_quincunx
          [nicolae_vaults_network_quincunx_subvault,
          nicolae_vaults_network_quincunx_subvault,
          nicolae_vaults_network_quincunx_subvault,
          nicolae_vaults_network_quincunx_subvault,
          nicolae_vaults_network_quincunx_subvault],
          nicolae_vaults_three_branches, nicolae_vaults_an_arrangement,
          nicolae_vaults_two_Ls, v_alt_pattern_4, nicolae_vaults_asterisk,
          nicolae_vaults_variable_pillar_hall, vaults_dpeg_emergency_exit,
          nicolae_vaults_puzzle_piece, nicolae_vaults_mini_display_case,
          layout_vaults_chaotic_city, uniq_sojobo, uniq_mennas

Skill      XL: |  1  2  3  4  5  6  7  8  9 10 11 12 13 14 15 16 17 18 19 |
---------------+----------------------------------------------------------+-----
Axes           | 4 5 6 7 8 9 12 14 16 18 19 | 19.4
Armour         | 3 4 6 16 18 19 20 | 20.7
Fighting       | 4 5 6 8 9 11 13 14 15 17 18 | 18.4
Dodging        | 7 11 12 13 15 | 15.0
Ranged Weapons | 14 15 | 15.2
Shields        | 4 12 16 20 21 | 21.4

Action                     |  1- 3 |  4- 6 |  7- 9 | 10-12 | 13-15 | 16-18 | 19-21 || total
---------------------------+-------+-------+-------+-------+-------+-------+-------++-------
  Melee: Hand axe          |    77 |   140 |   159 |       |       |       |       ||   376
         Headbutt          |    10 |    19 |    43 |    73 |   173 |   288 |    46 ||   652
         Punch             |     1 |       |     1 |       |       |       |       ||     2
         Battleaxe         |       |       |    75 |   471 |   617 |       |       ||  1163
         Broad axe         |       |       |       |       |   160 |  1212 |   150 ||  1522
   Fire: Arbalest          |       |       |       |       |     2 |       |       ||     2
  Throw: Boomerang         |       |       |       |    22 |    14 |     8 |       ||    44
 Invoke: Berserk           |     1 |     3 |     6 |     6 |    12 |     8 |     4 ||    40
         Brothers in Arms  |       |       |     1 |     4 |    14 |    19 |     5 ||    43
         Trog's Hand       |       |       |       |       |     5 |    22 |     7 ||    34
  Evoke: Phial of floods   |       |       |       |       |     1 |       |       ||     1
         Wand              |       |       |       |       |       |     2 |       ||     2
         Box of beasts     |       |       |       |       |       |     1 |       ||     1
    Use: Scroll            |     4 |     8 |     9 |    11 |    10 |     7 |       ||    49
         Potion            |       |       |     2 |       |     5 |    12 |     4 ||    23
   Stab: Sleeping          |     1 |       |       |       |       |       |       ||     1
         Distracted        |       |       |       |     1 |       |     5 |       ||     6
 Armour: Animal skin       |    16 |     1 |       |       |       |       |       ||    17
         Scale mail        |       |    39 |    17 |       |       |       |       ||    56
         Chain mail        |       |       |    79 |   159 |       |       |       ||   238
         Plate armour      |       |       |       |    76 |   403 |   539 |    41 ||  1059
  Dodge: Dodged            |    51 |    67 |   107 |   203 |   403 |   444 |    41 ||  1316
  Block: Tower shield      |       |       |       |       |   107 |  1498 |   143 ||  1748
